Map: Pillars of Gold LE

Players

Darian

  • Race: Terran Terran
  • Spawn Location: 1:00

OrionRUS - Winner!

  • Race: Protoss Protoss
  • League: Bronze
  • Spawn Location: 7:00

VOD

Have the link to the VOD?

Description

Time

  • Played on: April 5, 2021, 10:55 p.m.
  • Length: 10:24
Show
View Real Time Build Order
Export as new Build Order

Darian Terran 

Build Orders: Command Center First (CC) 

Get SALT Encoding   

  12  0:02  SCV  
  13  0:18  SCV, Supply Depot  
  14  0:30  SCV  
  15  0:40  Supply Depot  
  15  0:42  SCV  
  16  0:50  Supply Depot  
  16  0:55  SCV  
  17  1:09  SCV  
  18  1:29  Command Center  
  18  1:45  Barracks  
  18  1:51  SCV  
  19  2:05  SCV  
  20  2:29  Command Center  
  20  2:32  SCV  
  20  2:34  Supply Depot  
  21  2:46  SCV  
  22  2:56  Marine  
  23  2:58  Orbital Command  
  21  3:27  Marine  
  21  3:44  SCV  
  21  3:45  Marine  
  21  3:46  SCV  
  21  3:48  SCV  
  25  3:57  SCV  
  25  3:58  SCV  
  25  4:00  SCV  
  28  4:09  SCV  
  27  4:12  SCV  
  27  4:15  SCV  
  28  4:20  Marine  
  28  4:24  SCV  
  28  4:26  Barracks x2  
  28  4:27  SCV  
  30  4:36  SCV  
  29  4:38  Marine  
  29  4:39  SCV  
  29  4:44  SCV  
  31  4:48  SCV  
  31  4:51  SCV  
  31  4:56  Marine, SCV  
  31  5:00  SCV  
  31  5:03  SCV  
  32  5:08  SCV  
  30  5:14  Marine  
  30  5:21  SCV, Bunker  
  28  5:23  SCV  
  28  5:24  SCV  
  28  5:25  Marine  
  28  5:26  Marine  
  31  5:32  Marine  
  31  5:33  SCV  
  31  5:35  SCV  
  33  5:36  SCV  
  31  5:43  Marine x2  
  31  5:46  SCV  
  31  5:47  SCV  
  31  5:48  SCV  
  31  5:49  Marine  
  33  5:53  Bunker  
  32  5:59  SCV  
  32  6:00  SCV x2  
  33  6:09  Marine x2  
  31  6:11  SCV  
  31  6:13  SCV  
  30  6:21  Barracks  
  30  6:22  Barracks  
  30  6:23  SCV  
  32  6:26  Marine  
  30  6:40  Barracks  
  30  6:45  Orbital Command, Bunker  
  30  6:53  Supply Depot  
  29  6:55  Supply Depot, Bunker  
  29  6:57  SCV  
  29  6:59  Refinery  
  30  7:09  Marine  
  30  7:11  Marine  
  32  7:16  SCV  
  33  7:26  SCV  
  33  7:27  Marine  
  33  7:29  SCV  
  36  7:30  Barracks  
  34  7:48  Bunker  
  34  7:50  Bunker  
  31  7:54  Marine x3  
  31  7:56  SCV  
  27  8:21  SCV  
  20  8:33  SCV  
  20  8:56  Barracks Reactor  
  20  9:01  SCV  
  20  9:13  SCV  
  16  9:25  SCV  
Show
View Real Time Build Order
Export as new Build Order

OrionRUS Protoss - Winner!

Build Orders:  

Get SALT Encoding   

  12  0:00  Probe  
  13  0:12  Probe  
  14  0:18  Pylon  
  14  0:24  Probe  
  15  0:38  Gateway  
  15  0:40  Probe  
  16  0:52  Probe  
  17  0:57  Assimilator  
  17  1:04  Probe  
  18  1:16  Probe  
  19  1:28  Probe  
  19  1:32  Cybernetics Core  
  20  1:40  Probe  
  21  1:53  Probe  
  22  2:08  Pylon  
  22  2:14  Warp Gate  
  22  2:18  Assimilator  
  22  2:24  Stalker (Chrono Boost)  
  22  2:25  Shield Battery  
  24  2:38  Pylon  
  24  2:46  Stalker  
  26  2:57  Nexus  
  26  2:59  Probe (Chrono Boost)  
  27  3:09  Probe (Chrono Boost)  
  28  3:14  Probe (Chrono Boost)  
  29  3:25  Probe  
  30  3:29  Pylon  
  30  3:37  Probe  
  30  3:39  Stalker (Chrono Boost)  
  31  3:46  Gateway  
  33  3:49  Gateway  
  33  4:14  Probe (Chrono Boost)  
  33  4:18  Stalker  
  33  4:19  Probe (Chrono Boost)  
  36  4:25  Probe (Chrono Boost)  
  36  4:29  Probe (Chrono Boost)  
  36  4:30  Probe (Chrono Boost)  
  38  4:38  Probe  
  39  4:50  Probe  
  40  4:58  Stalker  
  42  5:40  Stalker  
  42  5:41  Stalker x2  
  46  6:14  Probe x2  
  48  6:20  Pylon  
  48  6:21  Pylon x3  
  48  6:22  Stalker x3, Pylon  
  54  6:26  Probe x2  
  56  6:38  Probe  
  56  6:39  Probe  
  58  6:50  Probe  
  58  6:52  Forge  
  59  6:54  Robotics Facility  
  59  6:55  Gateway  
  59  6:58  Gateway x2  
  59  6:59  Gateway  
  59  7:02  Gateway  
  59  7:05  Probe x2  
  61  7:08  Assimilator  
  61  7:09  Assimilator  
  61  7:11  Pylon  
  61  7:13  Protoss Ground Weapons Level 1 (Chrono Boost)  
  61  7:17  Probe x2  
  61  7:19  Pylon  
  63  7:29  Probe  
  64  7:36  Nexus  
  64  7:38  Pylon  
  64  7:41  Pylon  
  64  7:42  Pylon  
  64  7:45  Assimilator  
  64  7:46  Assimilator, Stalker x2  
  64  7:47  Stalker  
  70  8:15  Stalker x2  
  70  8:16  Stalker x4  
  70  8:17  Stalker x2  
  86  8:35  Observer (Chrono Boost)  
  87  8:49  Observer (Chrono Boost)  
  87  8:51  Stalker x8  
  104  9:08  Observer  
  105  9:34  Stalker x5  
  105  9:35  Stalker x2  
  119  9:58  Stargate  
  119  10:02  Probe  
  119  10:04  Probe x2  
Tags
 
Add a new tag
Caveats
  • Supply blocks, unpowered buildings, or Contaminate may cause inaccurate times.
  • Supply counts are checked every 10 seconds.